 Dungeon Crawl Stone Soup version 0.26.1-11-gd32895ea62 (webtiles) character file.

Game seed: 13160550224907848194

85850 Zeld the Ripper (level 15, -4/117 HPs)
             Began as a Felid Berserker on June 16, 2021.
             Was a High Priest of Trog.
             Slain by an entropy weaver (15 damage)
             ... on level 5 of the Lair of Beasts.
             The game lasted 00:55:25 (61222 turns).

Zeld the Ripper (Felid Berserker)                  Turns: 61222, Time: 00:55:25

Health: -4/117     AC: -5    Str: 18    XL:     15   Next: 39%
Magic:  16/16      EV: 36    Int: 10    God:    Trog [*****.]
Gold:   1111       SH:  0    Dex: 16    Spells: 14/14 levels left
                                        Lives:  0   Deaths: 4

rFire    . . .     SeeInvis +     - Unarmed
rCold    + . .     Faith    .   (shield unavailable)
rNeg     . . .     Spirit   .   (armour unavailable)
rPois    +         Reflect  .   (helmet unavailable)
rElec    +         Harm     .   (cloak unavailable)
rCorr    .         Rampage  .   (gloves unavailable)
Will     ++...                  (boots unavailable)
Stlth    ..........             q - amulet of the Air {Inacc +Fly rElec EV+5 RMsl}
HPRegen  0.29/turn              l - ring of poison resistance
MPRegen  0.15/turn              v - ring of the Tortoise {AC+8}

@: berserking, lethally poisoned (-4 -> -6), corroded, repel missiles, very
quick
A: very small, no armour, no weapons or thrown items, stealth, claws 1, fangs 3,
see invisible, speed 1, shaggy fur 3, sharp paws
a: Renounce Religion, Evoke Flight, Berserk, Trog's Hand, Brothers in Arms


You were on level 5 of the Lair of Beasts.
You worshipped Trog.
Trog was extremely pleased with you.
You visited 4 branches of the dungeon, and saw 24 of its levels.
You also visited: Bailey, Ice Cave and Volcano.

You collected 3333 gold pieces.
You spent 2222 gold pieces at shops.

Inventory:

Jewellery
 l - a ring of poison resistance (left paw)
 q - the amulet of the Air (around neck) {Inacc +Fly rElec EV+5 RMsl}
   (You found it on level 5 of the Dungeon)

   [amulet of inaccuracy]

   It reduces the accuracy of all your attacks.
   It affects your evasion (+5).
   It insulates you from electricity.
   It lets you fly.
   It protects you from missiles.
 v - the ring of the Tortoise (right paw) {AC+8}
   (You found it in an ice cave)

   [ring of protection]

   It affects your AC (+8).
 y - an uncursed ring of resist corrosion
Wands
 a - a wand of polymorph (21)
 b - a wand of iceblast (7)
 i - a wand of paralysis (7)
 p - a wand of disintegration (31)
 t - a wand of flame (68)
Scrolls
 c - 9 scrolls of teleportation
 e - 2 scrolls of magic mapping
 j - 13 scrolls of remove curse
 n - 7 scrolls of identify
 w - a scroll of holy word
Potions
 f - 14 potions of curing
 g - a potion of cancellation
 h - 7 potions of haste
 k - a potion of might
 m - 2 potions of resistance
 o - 5 potions of berserk rage
 r - 2 potions of flight
 s - a potion of magic
Miscellaneous
 u - a condenser vane


   Skills:
 * Level 16.0 Fighting
 + Level 15.1 Dodging
 + Level 15.9 Stealth
 * Level 16.1 Unarmed Combat
 + Level 7.6 Evocations


You had 14 spell levels left.
You didn't know any spells.
Your spell library was empty.

Dungeon Overview and Level Annotations

Branches:
Dungeon (15/15)            Temple (1/1) D:5            Lair (6/6) D:11
  Swamp (0/4) Lair:3       Spider (0/4) Lair:3        Slime (0/5) Lair:5
    Orc (2/2) D:11            Elf (0/3) Orc:2        Vaults (0/5) D:13
 Depths (0/5) D:15         Bailey (visited)           IceCv (visited)
Volcano (visited)

Altars:
Ashenzari
Cheibriados
Dithmenos
Elyvilon
Fedhas
Gozag
Hepliaklqana
Kikubaaqudgha
Makhleb
Nemelex Xobeh
Okawaru
Qazlal
Ru
Sif Muna
Trog
Uskayaw
Vehumet
Wu Jian
Xom
Yredelemnul
Zin
The Shining One
Jiyva

Shops:
D:12 [   D:13 [=*?   Orc:2 *!}*

Annotations:
Lair:6 exclusion: 2 oklob plants


Innate Abilities, Weirdness & Mutations

You cannot wear armour.
You are incapable of wielding weapons or throwing items.
Your paws allow you to move quietly. (Stealth)
You have sharp claws.
You have razor-sharp teeth.
You have supernaturally acute eyesight. (SInv)
You cover ground quickly.
Your thick and shaggy fur keeps you warm. (AC +3, rC+)
Your sharp claws are effective at attacking unaware monsters.


Message History

The entropy weaver is almost dead.
The worker ant completely misses you.
The entropy weaver casts a spell at you.
The entropic weave corrodes you!
You miss the entropy weaver.
You claw the entropy weaver, but do no damage.
You bite the entropy weaver, but do no damage.
The entropy weaver is almost dead.
The worker ant bites you!
* * * LOW HITPOINT WARNING * * *
You are poisoned.
The worker ant poisons you!
You scratch the entropy weaver but do no damage.
Your claw misses the entropy weaver.
The entropy weaver is almost dead.
You feel sick. The entropy weaver barely misses you.
The entropy weaver hits you!
* * * LOW HITPOINT WARNING * * *
The entropy weaver hits you!
You die...

........### .#.............
........# ##P............
........## ###...........
.........## ##.............
........#.# #.P............
..........###......<.......
.#..........#..............
###.............BB.......#.
###.........P...@......###
.####..#.#.............# .#
###...#....#....#.P# .#
##.##.....###.#### ...#
#######..# ### .#.# .#...
##.# .....# .# # #.......
## .....


You could see an entropy weaver and a worker ant.

Vanquished Creatures
  Agnes (D:14)
  Kirke (D:12)
  An orc warlord (Orc:1)
  Nessos (D:15)
  An entropy weaver (Lair:5)
  2 ettins
  A fire dragon (D:13)
  4 ogre magi (Orc:2)
  2 boulder beetles
  6 hydras
  An ice dragon (IceCv)
  A centaur warrior (D:14)
  19 two-headed ogres
  A tengu warrior (D:15)
  A queen ant (Lair:5)
  Sonja (Orc:1)
  Nergalle (Lair:1)
  A hell knight (Volcano)
  A salamander mystic (Volcano)
  4 unseen horrors
  A deep elf archer (D:15)
  4 orc knights
  A deep elf mage (D:15)
  A necromancer (D:13)
  An orb spider (shapeshifter) (D:13)
  4 orc sorcerers
  5 salamanders (Volcano)
  A cyclops (D:11)
  2 manticores
  12 ugly things
  A black mamba (Lair:3)
  10 elephants (Lair:4)
  Maurice (D:11)
  2 centaur zombies (D:14)
  13 cane toads
  2 ice statues (IceCv)
  A torpor snail (Lair:3)
  A yaktaur (D:15)
  4 rime drakes
  7 komodo dragons
  5 trolls
  A tengu conjurer (D:14)
  7 polar bears
  Prince Ribbit (D:8)
  2 hornets
  6 blink frogs
  9 slime creatures
  A meliai zombie (D:13)
  A shadow (D:12)
  A redback (Lair:3)
  3 hogs
  2 wyverns
  7 basilisks
  37 yaks
  Grum (D:11)
  10 vampire mosquitoes
  4 wargs
  A swamp worm (Lair:3)
  5 soldier ants (Lair:5)
  14 water moccasins
  11 sky beasts
  37 orc warriors
  19 ice beasts
  A phantom (D:4)
  12 black bears
  29 ogres
  12 wolves
  4 centaurs
  Blork the orc (D:6)
  31 bullfrogs
  2 gnoll sergeants
  2 scorpions
  27 wights
  7 howler monkeys
  3 bullfrog zombies
  7 jellies
  2 hounds
  3 bullfrog skeletons
  26 orc wizards
  21 orc priests
  8 centaur skeletons
  Jessica (D:2)
  3 iguanas
  23 worker ants
  2 human simulacra (D:9)
  A hound zombie (D:6)
  A hound skeleton (D:10)
  Robin (D:4)
  21 gnolls
  3 howler monkey skeletons
  12 adders
  2 shadow imps
  4 white imps
  3 ufetubi
  2 oozes
  5 adder skeletons
  5 worms
  2 dart slugs
  5 leopard geckos
  101 orcs
  3 ball pythons
  7 bats
  10 giant cockroaches
  33 goblins
  31 hobgoblins
  14 jackals
  7 kobolds
  10 quokkas
  4 frilled lizards (D:1)
  2 leopard gecko skeletons
  5 rats
831 creatures vanquished.

Vanquished Creatures (collateral kills)
  An orc warlord (Bailey)
  An ice dragon (IceCv)
  An orc knight (Bailey)
  An ugly thing (D:14)
  2 slime creatures (D:12)
  An ogre (Orc:1)
  An orc (Bailey)
  3 goblins (Bailey)
  2 hobgoblins (Bailey)
13 creatures vanquished.

Vanquished Creatures (others)
  2 humans (D:12)
  2 howler monkeys (D:12)
  2 orcs (D:9)
  17 fungi
  31 plants
54 creatures vanquished.

Grand Total: 898 creatures vanquished

Notes
Turn   | Place    | Note
-------+----------+-------------------------------------------
     0 | D:1      | Zeld the Felid Berserker began the quest for the Orb.
     0 | D:1      | Reached XP level 1. HP: 10/10 MP: 2/2
   239 | D:1      | Reached XP level 2. HP: 14/14 MP: 3/3
   249 | D:1      | Reached skill level 1 in Stealth
   562 | D:1      | Reached XP level 3. HP: 17/17 MP: 4/4
   653 | D:1      | Reached ** piety under Trog
   962 | D:2      | Found a faded altar of an unknown god.
   977 | D:2      | Reached XP level 4. HP: 16/22 MP: 5/5
  1716 | D:2      | Noticed Jessica
  1729 | D:2      | Killed Jessica
  1730 | D:2      | Reached XP level 5. HP: 25/25 MP: 6/6
  2314 | D:3      | Reached *** piety under Trog
  2456 | D:3      | Reached skill level 5 in Dodging
  2462 | D:3      | Killed from afar by an orc priest
  2463 | D:3      | Reached XP level 4. HP: -2/22 MP: 5/5
  3012 | D:3      | Reached XP level 5. HP: 25/25 MP: 6/6
  3260 | D:4      | Found a snail-covered altar of Cheibriados.
  3323 | D:4      | Noticed Robin
  3667 | D:4      | Killed Robin
  3881 | D:4      | Noticed a phantom
  3895 | D:4      | Killed a phantom
  3896 | D:4      | Gained mutation: You are covered in thick fur. (AC +2)
                  | [Felid growth]
  3896 | D:4      | Reached XP level 6. HP: 30/30 MP: 7/7
  3969 | D:4      | Reached skill level 5 in Fighting
  4048 | D:4      | Reached skill level 5 in Unarmed Combat
  4355 | D:4      | Reached **** piety under Trog
  4900 | D:5      | Entered Level 5 of the Dungeon
  4900 | D:5      | Found the amulet of the Air {Inacc +Fly rElec EV+5 RMsl}
  4900 | D:5      | Noticed a two-headed ogre
  4911 | D:5      | Killed a two-headed ogre
  4912 | D:5      | Reached skill level 5 in Stealth
  4912 | D:5      | Reached XP level 7. HP: 22/35 MP: 8/8
  4912 | D:5      | Reached XP level 8. HP: 24/39 MP: 9/9
  5264 | D:5      | Found a staircase to the Ecumenical Temple.
  5287 | Temple   | Entered the Ecumenical Temple
  8082 | D:6      | Reached XP level 9. HP: 43/43 MP: 10/10
  8084 | D:6      | Noticed Blork the orc
  8101 | D:6      | Killed Blork the orc
  8307 | D:6      | Found a bloodstained altar of Trog.
  8939 | D:6      | Found a shimmering blue altar of Sif Muna.
  9751 | D:8      | Noticed Prince Ribbit
  9756 | D:8      | Killed Prince Ribbit
 10197 | D:8      | Reached ***** piety under Trog
 10984 | D:9      | Reached XP level 10. HP: 46/49 MP: 11/11
 13089 | D:10     | Entered Level 10 of the Dungeon
 14256 | D:11     | Noticed Grum
 15071 | D:10     | Reached skill level 10 in Unarmed Combat
 15301 | D:11     | Killed Grum
 15302 | D:11     | Reached skill level 10 in Fighting
 15317 | D:11     | Found a staircase to the Orcish Mines.
 16183 | D:11     | Found a sacrificial altar of Ru.
 16187 | D:11     | Noticed an unseen horror
 16191 | D:11     | Killed an unseen horror
 16205 | D:11     | Noticed an unseen horror
 16219 | D:11     | Killed an unseen horror
 16220 | D:11     | Reached skill level 10 in Stealth
 16220 | D:11     | Reached XP level 11. HP: 48/55 MP: 12/12
 16239 | D:11     | Reached skill level 10 in Dodging
 16554 | D:11     | Found a staircase to the Lair.
 16708 | D:11     | Noticed Maurice
 16713 | D:11     | Noticed a green ugly thing
 16718 | D:11     | Killed Maurice
 17159 | D:10     | Killed a green ugly thing
 17910 | D:11     | Noticed an orc knight
 18095 | D:11     | Killed an orc knight
 18412 | Orc:1    | Entered Level 1 of the Orcish Mines
 19388 | Orc:1    | Noticed an orc knight
 19402 | Orc:1    | Noticed an orc sorcerer
 19678 | D:12     | Noticed a brown ugly thing
 19679 | D:12     | Noticed an unseen horror
 19683 | D:12     | Killed a brown ugly thing
 19689 | D:12     | Killed an unseen horror
 19812 | D:12     | Noticed a boulder beetle
 19833 | D:12     | Killed a boulder beetle
 20967 | D:12     | Annihilated by an enormous slime creature
 20968 | D:12     | Reached XP level 10. HP: -24/52 MP: 11/11
 21300 | D:12     | Noticed a two-headed ogre
 21311 | D:12     | Killed a two-headed ogre
 21312 | D:12     | Reached XP level 11. HP: 56/56 MP: 12/12
 21359 | D:12     | Noticed Kirke
 22114 | D:12     | Found Eluoc's Antique Armour Emporium.
 22836 | D:12     | Killed Kirke
 23557 | D:13     | Found a flagged portal.
 23583 | Bailey   | Entered a bailey
 25430 | Bailey   | Noticed an orc knight
 25440 | Bailey   | Killed an orc knight
 25525 | Bailey   | Noticed an orc warlord
 25538 | Bailey   | Killed an orc warlord
 25673 | D:13     | Gained mutation: Your thick and shaggy fur keeps you warm.
                  | (AC +3, rC+) [Felid growth]
 25673 | D:13     | Reached XP level 12. HP: 58/61 MP: 13/13
 25674 | D:13     | Reached XP level 13. HP: 63/66 MP: 14/14
 25808 | D:13     | Noticed a fire dragon
 26308 | D:13     | Found Hampifoh's Jewellery Shoppe.
 26538 | D:13     | Killed a fire dragon
 26604 | D:13     | Found a gate to the Vaults.
 26920 | D:13     | Found Oxuqimao's Armour Boutique.
 26980 | D:13     | Found Hisi's Assorted Antiques.
 26992 | D:13     | Bought a scroll of magic mapping for 101 gold pieces
 26992 | D:13     | Bought 2 potions of curing for 174 gold pieces
 26992 | D:13     | Bought a potion of haste for 290 gold pieces
 27043 | D:13     | Reached skill level 1 in Evocations
 27079 | D:13     | Slain by a troll
 27080 | D:13     | Reached XP level 12. HP: -1/63 MP: 13/13
 27461 | D:13     | Reached XP level 13. HP: 66/66 MP: 14/14
 27577 | D:13     | Found Fegezess's Magic Scroll Shoppe.
 27585 | D:13     | Bought a scroll of identify for 30 gold pieces
 27585 | D:13     | Bought a scroll of magic mapping for 52 gold pieces
 27585 | D:13     | Bought a scroll of remove curse for 45 gold pieces
 27585 | D:13     | Bought a scroll of teleportation for 45 gold pieces
 27585 | D:13     | Bought a scroll of identify for 30 gold pieces
 27585 | D:13     | Bought a scroll of blinking for 112 gold pieces
 27585 | D:13     | Bought a scroll of identify for 30 gold pieces
 27585 | D:13     | Bought a scroll of identify for 30 gold pieces
 29798 | D:15     | Entered Level 15 of the Dungeon
 30812 | D:15     | Noticed Agnes
 30833 | D:14     | Mangled by Agnes
 30834 | D:14     | Reached XP level 12. HP: -8/96 MP: 13/13
 31294 | D:15     | Found a bloodstained altar of Trog.
 31362 | D:15     | Noticed an ettin
 31362 | D:15     | Noticed a centaur warrior
 31364 | D:15     | Noticed a tengu warrior
 31422 | D:14     | Killed Agnes
 31747 | D:14     | Killed a centaur warrior
 31984 | D:15     | Noticed a six-headed hydra
 31998 | D:15     | Killed a tengu warrior
 32357 | D:14     | Killed a six-headed hydra
 32789 | D:15     | Noticed Nessos
 33320 | D:14     | Reached XP level 13. HP: 27/67 MP: 14/14
 33815 | D:15     | Killed an ettin
 34351 | D:15     | Killed Nessos
 34501 | D:15     | Found a staircase to the Depths.
 36344 | Orc:1    | Noticed Sonja
 36475 | Orc:1    | Killed Sonja
 36648 | Orc:1    | Noticed an ettin
 37047 | Orc:1    | Killed an ettin
 37528 | Orc:2    | Entered Level 2 of the Orcish Mines
 38709 | Orc:2    | Noticed an orc warlord
 39337 | Orc:1    | Killed an orc warlord
 39898 | Orc:2    | Found a staircase to the Elven Halls.
 40338 | Orc:2    | Found Lebesygg's Gadget Emporium.
 40338 | Orc:2    | Found Qerejeog's Assorted Antiques.
 40952 | Orc:2    | Reached skill level 5 in Evocations
 42139 | Orc:2    | Reached skill level 15 in Unarmed Combat
 42681 | D:11     | HP: 3/68 [two-headed ogre/+0 giant club (23)]
 42707 | D:11     | Reached XP level 14. HP: 72/72 MP: 15/15
 42942 | Orc:1    | Reached skill level 15 in Fighting
 46036 | Orc:2    | Found Woeddino's Distillery.
 46037 | Orc:2    | Found Bepili's General Store.
 46054 | Orc:2    | Bought a wand of disintegration (7) for 198 gold pieces
 46054 | Orc:2    | Bought a wand of polymorph (13) for 270 gold pieces
 46054 | Orc:2    | Bought a wand of paralysis (7) for 162 gold pieces
 46054 | Orc:2    | Bought a wand of disintegration (18) for 396 gold pieces
 46156 | Orc:2    | Reached skill level 15 in Stealth
 46696 | Orc:2    | Bought a scroll of teleportation for 96 gold pieces
 46696 | Orc:2    | Bought a scroll of remove curse for 96 gold pieces
 46697 | Orc:2    | Bought a potion of heal wounds for 65 gold pieces
 46935 | Lair:1   | Entered Level 1 of the Lair of Beasts
 47145 | Lair:1   | Noticed Nergalle
 47164 | Lair:1   | Killed Nergalle
 50289 | Lair:3   | Found a dark tunnel.
 50311 | Volcano  | Entered a volcano
 52330 | Lair:3   | Found a hole to the Spider Nest.
 53217 | Lair:3   | Found a staircase to the Swamp.
 54500 | Lair:4   | Found a frozen archway.
 54509 | IceCv    | Entered an ice cave
 56780 | IceCv    | Found the ring of the Tortoise {AC+8}
 57437 | IceCv    | Got a transparent brass ring
 57821 | Lair:4   | Reached XP level 15. HP: 67/78 MP: 16/16
 58090 | Lair:3   | Identified the ring "Jiucuiw" {rF+ Slay+2 Stlth+} (You
                  | found it in an ice cave)
 59731 | Lair:5   | You fall into a shaft and drop 1 floor!
 59731 | Lair:6   | Entered Level 6 of the Lair of Beasts
 59854 | Lair:6   | Reached skill level 15 in Dodging
 60278 | Lair:5   | Found a staircase to the Slime Pits.
 60279 | Lair:5   | Found a viscous altar of Jiyva.
 61222 | Lair:5   | Slain by an entropy weaver

Illustrated notes

Levels and vault maps discovered:
D:1:      lightli_arrival_isolated_outpost, layout_loops_ring
D:2:      layout_basic, chequers_ecumenical_altar_island, skrybe_limestone_x,
          uniq_jessica
D:3:      layout_loops_cross
D:4:      layout_basic, chei_slow_surprise, uniq_robin
D:5:      layout_loops_cross, minmay_temple_entry_tees
D:6:      lemuel_upstairs_altar, layout_loops_cross, bloody_trog,
          uniq_blork_the_orc
D:7:      layout_cave_pools
D:8:      layout_basic, uniq_prince_ribbit1
D:9:      layout_stronghold, serial_glass, glass_columns_b, glass_columns_b,
          glass_columns_b, glass_columns_a, glass_columns_a, glass_columns_b,
          glass_columns_c, glass_columns_b, bh_circular_ruins
D:10:     layout_roguey
D:11:     cheibrodos_orc_bank, layout_irregular_city, lair_entry_dummy,
          hangedman_ru_absence, uniq_grum, uniq_maurice
D:12:     layout_roguey, serial_shops, shop, uniq_kirke
D:13:     layout_irregular_city, david_vaults_4, serial_shops,
          nicolae_shop_statue_plus, shop, shop, nicolae_shop_statue_plus,
          enter_bailey_5
D:14:     layout_cave_pools, serial_bayou_lagoon_a
D:15:     hangedman_depths_entry_civil_slaughter, layout_irregular_city,
          basic_altar, uniq_agnes, uniq_nessos
Temple:   compressed_dpeg_circular_temple
Lair:1:   layout_layer_cave, grunt_megastairs_1, uniq_nergalle
Lair:2:   layout_chaotic_city
Lair:3:   beast_lair_carwin_large_4, layout_cave_shapes,
          minmay_swamp_entry_worms, spider_nest_entry_funnel_web,
          nicolae_volcano_entry_s_turn
Lair:4:   layout_roguey, portal_ice_cave_entry_pillars_1, lemuel_fruit_fields
Lair:5:   layout_cave_pods, slime_altar_1, minmay_another_anthill,
          grunt_megastairs_2
Lair:6:   due_jungle_book, layout_big_grid, grunt_megastairs_5,
          minmay_lair_oklob_chamber
Orc:1:    layout_caves, nicolae_orc_stony_grotto, uniq_sonja
Orc:2:    st_orc_ogre_mass, layout_caves

Skill      XL: |  1  2  3  4  5  6  7  8  9 10 11 12 13 14 15 |
---------------+----------------------------------------------+-----
Stealth        | 1 2 3 5 6 8 10 12 14 15 | 15.9
Fighting       | 4 6 7 8 10 12 13 14 15 16 | 16.0
Unarmed Combat | 4 6 7 9 10 12 13 15 16 | 16.1
Dodging        | 5 6 7 8 11 12 14 15 | 15.1
Evocations     | 5 7 |  7.6

Action                   |  1- 3 |  4- 6 |  7- 9 | 10-12 | 13-15 || total
-------------------------+-------+-------+-------+-------+-------++-------
Melee: Unarmed           |    83 |   219 |   301 |   979 |  1557 ||  3139
       Bite              |     4 |    24 |    39 |   116 |   182 ||   365
       Punch             |     1 |     4 |    11 |    57 |   128 ||   201
Invok: Berserk           |       |     6 |    14 |    38 |    61 ||   119
       Brothers in Arms  |       |       |       |     6 |     8 ||    14
       Trog's Hand       |       |       |       |     2 |     3 ||     5
Evoke: Wand              |       |       |       |     2 |     4 ||     6
       Condenser vane    |       |       |       |     1 |     1 ||     2
  Use: Scroll            |       |       |     9 |    18 |    13 ||    40
       Potion            |       |       |       |     2 |     8 ||    10
 Stab: Sleeping          |    11 |    10 |    18 |    33 |    34 ||   106
       Distracted        |       |       |       |     2 |     2 ||     4
       Confused          |       |       |       |     1 |       ||     1
Armor: Skin              |     4 |     6 |     4 |    17 |    65 ||    96
Dodge: Dodged            |    59 |   246 |   270 |  1041 |  1943 ||  3559
       Repelled          |       |       |     2 |     3 |     5 ||    10
